 Dungeon Crawl Stone Soup version 0.31-a0-180-g519b7de00c (webtiles) character file.

Game seed: 9948304223928195640

221 qw the Chopper (level 5, -3/33 HPs)
             Began as a Gargoyle Fighter on June 20, 2023.
             Was an Initiate of Okawaru.
             Slain by a gnoll
             ... wielding a +0 spear
              (5 damage)
             ... on level 4 of the Dungeon.
             The game lasted 00:01:20 (3200 turns).

qw the Chopper (Gargoyle Fighter)                   Turns: 3200, Time: 00:01:21

Health: -3/33      AC: 13    Str: 21    XL:     5   Next: 98%
Magic:  5/5        EV:  7    Int:  9    God:    Okawaru [......]
Gold:   176        SH:  4    Dex:  9    Spells: 4/4 levels left

rFire   . . .        Y - +1 war axe
rCold   . . .        c - +0 buckler
rNeg    + + +        m - +0 chain mail
rPois   inf          (no helmet)
rElec   +            (no cloak)
rCorr   .            (no gloves)
SInv    .            (no boots)
Will    .....        (no amulet) Stlth
                     i - ring of positive energy
HPRegen 0.25/turn    h - ring of positive energy
MPRegen 0.09/turn

%: no passive effects
@: very slow
A: sickness immunity, AC +4, negative energy resistance 1, electricity
resistance, torment resistance 1, petrification resistance
a: Renounce Religion


You were on level 4 of the Dungeon.
You worshipped Okawaru.
Okawaru was noncommittal.
You visited 1 branch of the dungeon, and saw 4 of its levels.

You collected 176 gold pieces.


Innate Abilities, Weirdness & Mutations

You are immune to sickness and miasma.
Your stone body is resilient. (AC +4)
You are immune to poison.
You resist negative energy. (rN+)
You are resistant to electric shocks. (rElec)
You are resistant to unholy torment.
You are immune to petrification.


   Skills:
 + Level 3.7 Fighting
 - Level 5.1 Axes
 - Level 1.0 Throwing
 - Level 3.2 Armour
 - Level 3.2 Shields


You had 4 spell levels left.
You didn't know any spells.
Your spell library was empty.

Inventory:

Hand Weapons
 b - a +0 mace
 Y - a +1 war axe (weapon)
Missiles
 k - a silver boomerang (quivered)
Armour
 c - a +0 buckler (worn)
 m - a +0 chain mail (worn)
Jewellery
 a - the amulet of Equivalence {Reflect Fragile Int+3 Dex+9 SH+5}
   (You acquired it on level 2 of the Dungeon)

   [amulet of reflection]

   It reflects blocked missile attacks.
   Int:       It affects your intelligence (+3).
   Dex:       It affects your dexterity (+9).
   Fragile:   It will be destroyed if unequipped.
   SH:        It affects your SH (+5).
 h - a ring of positive energy (right hand)
 i - a ring of positive energy (left hand)
Scrolls
 e - a scroll of revelation {unknown}
 n - 2 scrolls of identify
Potions
 d - a potion of might
 f - a potion of invisibility {unknown}
 l - a potion of enlightenment {unknown}

Dungeon Overview and Level Annotations

Branches:
Dungeon (4/15)             Temple (0/1) D:4

Altars:
Cheibriados
Dithmenos
Okawaru
The Shining One

Annotations:
D:2 1 runed translucent door, Crazy Yiuf
D:4 Grinder


Message History

Your Throwing skill increases to level 1!
You closely miss the gnoll.
The gnoll is heavily wounded.
You slash the orc!
You kill the orc!
Okawaru accepts your kill. The gnoll barely misses you.
You barely miss the gnoll.
The gnoll is heavily wounded.
You barely miss the gnoll. The gnoll hits you but does no damage.
The gnoll barely misses you.
You barely miss the gnoll.
The gnoll is heavily wounded.
You slash the gnoll! You block the gnoll's attack.
The gnoll hits you with a +0 club. The gnoll hits you with a +0 whip.
You slash the gnoll!
You kill the gnoll!
Okawaru accepts your kill.
You hit the gnoll but do no damage. The gnoll hits you with a +0 club.
You block the gnoll's attack.
You hit the gnoll but do no damage.
The gnoll is heavily wounded.
The gnoll barely misses you.
You hit the gnoll.
You kill the gnoll!
Okawaru accepts your kill.
You slash the dart slug!
You kill the dart slug!
Okawaru accepts your kill.
You enter the shallow water.
Moving in this stuff is going to be slow.
The gnoll hits you but does no damage.
Things that are here:
a jackal corpse; a jackal corpse; a jackal corpse The gnoll hits you from afar with a +0 spear.
The gnoll closely misses you. The gnoll hits you but does no damage.
Found a stone staircase leading down.
The gnoll hits you from afar with a +0 spear.
You die...

...........>...
...............
...............g..<
..#................ .
..##.........?.......
.................#...
......?..g...........
~~~....@~g~~~~~~~~~~~
~~~....~~~~~~~~~~~~~~
~~~...)%~~~~~~~~~~~#
....$.))...........#
###++++#############


You could see 2 gnolls.

Vanquished Creatures
  A phantom (D:3)
  An iguana (D:3)
  2 adders
  3 gnolls (D:4)
  4 dart slugs
  3 orcs
  6 ball pythons
  5 bats
  6 endoplasms
  2 giant cockroaches
  6 hobgoblins
  8 jackals
  3 kobolds
  A quokka (D:3)
  5 frilled lizards
  8 goblins
  3 rats (D:1)
67 creatures vanquished.

Notes
Turn   | Place    | Note
-------+----------+-------------------------------------------
     0 | D:1      | qw the Gargoyle Fighter began the quest for the Orb.
     0 | D:1      | Reached XP level 1. HP: 14/14 MP: 1/1
     0 | D:1      | 0 ||| qw: Version: 0.3-a-9-g12657ce
     0 | D:1      | 0 ||| qw: Game counter: 1147
     0 | D:1      | 0 ||| qw: Always use a shield: true
     0 | D:1      | 0 ||| qw: God list: Okawaru
     0 | D:1      | 0 ||| qw: Allow faded altars: false
     0 | D:1      | 0 ||| qw: Do Orc after D:15 true
     0 | D:1      | 0 ||| qw: Do second Lair branch before Depths: true
     0 | D:1      | 0 ||| qw: Lair rune preference: random
     0 | D:1      | 0 ||| qw: Plans: Normal, Zot:1-4, Slime:5, God:TSO, Crypt,
                  | Tomb, Abyss, Pan, Hells, Win
     0 | D:1      | 0 ||| PLANNING D:1-11
    23 | D:1      | 23 ||| Stepping ~*~*~tactically~*~*~ (hiding).
    31 | D:1      | Reached skill level 2 in Axes
   207 | D:1      | 207 ||| Stepping ~*~*~tactically~*~*~ (stealth).
   211 | D:1      | Reached XP level 2. HP: 19/19 MP: 2/2
   219 | D:1      | 219 ||| FLEEEEING.
   238 | D:1      | Found a faded altar of an unknown god.
   344 | D:1      | 344 ||| DROPPING +0 club.
   670 | D:1      | Reached skill level 3 in Axes
   791 | D:1      | Reached XP level 3. HP: 23/23 MP: 3/3
  1082 | D:1      | 1082 ||| UPGRADING to ring of positive energy.
  1083 | D:1      | 1083 ||| READING scroll labelled UMICLU CUSMEFF.
  1097 | D:1      | 1097 ||| READING scroll labelled VEOTITWITIA.
  1098 | D:1      | 1098 ||| READING scroll labelled FOINWE YR DEKELY.
  1099 | D:1      | 1099 ||| READING scroll labelled UDOSSELIRAO.
  1191 | D:2      | 1191 ||| Stepping ~*~*~tactically~*~*~ (stealth).
  1192 | D:2      | 1192 ||| Stepping ~*~*~tactically~*~*~ (stealth).
  1540 | D:2      | Found a runed translucent door.
  1541 | D:2      | Noticed Crazy Yiuf
  1670 | D:2      | 1670 ||| Stepping ~*~*~tactically~*~*~ (hiding).
  2018 | D:2      | 2018 ||| UPGRADING to +0 chain mail.
  2028 | D:2      | 2028 ||| DROPPING +0 scale mail.
  2029 | D:2      | 2029 ||| DROPPING ring of magical power.
  2030 | D:2      | 2030 ||| UPGRADING to ring of positive energy.
  2031 | D:2      | 2031 ||| READING scroll labelled KIFESAEKLY.
  2032 | D:2      | 2032 ||| READING scroll labelled CIWKI PUOB.
  2032 | D:2      | Identified a scroll of acquirement
  2032 | D:2      | 2032 ||| ACQUIRING amulet of Equivalence {Reflect Fragile
                  | Int+3 Dex+9 SH+5}
  2032 | D:2      | Acquired the amulet of Equivalence {Reflect Fragile Int+3
                  | Dex+9 SH+5}
  2034 | D:2      | 2034 ||| READING scroll labelled HOEKOA MATU.
  2082 | D:2      | 2082 ||| DRINKING 2 red potions.
  2131 | D:3      | 2131 ||| STAIRDANCE
  2267 | D:3      | Reached XP level 4. HP: 28/28 MP: 4/4
  2270 | D:3      | 2270 ||| DROPPING +0 whip.
  2493 | D:3      | Found a glowing golden altar of the Shining One.
  2543 | D:3      | Reached skill level 4 in Axes
  2555 | D:3      | 2555 ||| Stepping ~*~*~tactically~*~*~ (stealth).
  2603 | D:3      | 2603 ||| Stepping ~*~*~tactically~*~*~ (stealth).
  2683 | D:3      | Found an iron altar of Okawaru.
  2684 | D:3      | Found a shadowy altar of Dithmenos.
  2712 | D:3      | Noticed a phantom
  2723 | D:3      | Killed a phantom
  2724 | D:3      | Reached skill level 5 in Axes
  2724 | D:3      | Reached XP level 5. HP: 22/32 MP: 5/5
  2894 | D:3      | 2894 ||| Stepping ~*~*~tactically~*~*~ (stealth).
  2993 | D:3      | 2993 ||| READING scroll labelled VATRICKAFRI.
  2994 | D:3      | 2994 ||| READING scroll labelled VAISOG GOKKA.
  2995 | D:3      | 2995 ||| READING scroll labelled LIGUHU UHIAGI.
  2996 | D:3      | 2996 ||| READING scroll labelled DUICRI YSHRET.
  3100 | D:4      | 3100 ||| STAIRDANCE
  3102 | D:3      | 3102 ||| PLANNING OKAWARU WORSHIP
  3104 | D:3      | Found a snail-covered altar of Cheibriados.
  3106 | D:3      | Became a worshipper of Warmaster Okawaru
  3107 | D:3      | 3107 ||| PLANNING D:1-11
  3127 | D:4      | Found a staircase to the Ecumenical Temple.
  3128 | D:4      | Noticed Grinder
  3129 | D:4      | 3129 ||| Stepping ~*~*~tactically~*~*~ (hiding).
  3130 | D:4      | 3130 ||| Stepping ~*~*~tactically~*~*~ (hiding).
  3131 | D:4      | 3131 ||| Stepping ~*~*~tactically~*~*~ (hiding).
  3133 | D:4      | 3133 ||| Stepping ~*~*~tactically~*~*~ (hiding).
  3134 | D:4      | 3134 ||| Stepping ~*~*~tactically~*~*~ (hiding).
  3135 | D:4      | 3135 ||| Stepping ~*~*~tactically~*~*~ (hiding).
  3136 | D:4      | 3136 ||| Stepping ~*~*~tactically~*~*~ (hiding).
  3143 | D:4      | Paralysed by Grinder for 2 turns
  3154 | D:4      | 3154 ||| Stepping ~*~*~tactically~*~*~ (hiding).
  3155 | D:4      | 3155 ||| Stepping ~*~*~tactically~*~*~ (hiding).
  3157 | D:4      | Paralysed by Grinder for 4 turns
  3170 | D:4      | HP: 6/32 [Grinder (7)]
  3171 | D:4      | 3171 ||| READING scroll of teleportation.
  3172 | D:4      | 3172 ||| DRINKING potion of heal wounds.
  3175 | D:4      | 3175 ||| Stepping ~*~*~tactically~*~*~ (water).
  3191 | D:4      | Reached skill level 1 in Throwing
  3193 | D:4      | HP: 7/32 [gnoll/+0 whip (2)]
  3194 | D:4      | HP: 3/32 [gnoll/+0 club (5)]
  3199 | D:4      | HP: 1/33 [gnoll/+0 spear (3)]
  3200 | D:4      | Slain by a gnoll

Levels and vault maps discovered:
D:1:      amcnicky_arrival_gap_in_the_tavern_cellar, layout_basic,
          dreamdust_ecumenical_altar_grove
D:2:      layout_loops_ring, minmay_tall_x, uniq_crazy_yiuf_cottage
D:3:      layout_loops_ring, lemuel_doored_altar,
          nicolae_overflow_hidden_temple, grunt_ministairs_9
D:4:      lemuel_castle_with_subvaults [lemuel_castle_interior_carwin_1],
          layout_cave_pools, nicolae_yredelemnul_ghost_church,
          nicolae_hepliaklqana_hazy_memory, minmay_temple_entry_tees,
          serial_shops, nicolae_shop_advertising_works
          [nicolae_subvault_shop_adworks], uniq_grinder

Skill      XL: |  1  2  3  4  5 |
---------------+----------------+-----
Axes           | 2 3 5 |  5.1
Throwing       | 1 |  1.0
Fighting       | |  3.7
Armour         | |  3.2
Shields        | |  3.2

Action                     |  1- 3 |  4- 6 || total
---------------------------+-------+-------++-------
  Melee: War axe           |   109 |    73 ||   182
  Throw: Boomerang         |       |    26 ||    26
    Use: Scroll            |     7 |     5 ||    12
         Potion            |     1 |     1 ||     2
 Armour: Scale mail        |    49 |       ||    49
         Chain mail        |    10 |    38 ||    48
  Dodge: Dodged            |    31 |    25 ||    56
  Block: Buckler           |    19 |    15 ||    34

Table legend:
 A = Non-vault XP
 B = Vault XP
 C = Vault XP percentage of total XP
 D = Non-vault monster count
 E = Vault monster count
 F = Vault count percentage of total count
                 A         B        C        D         E       F
            +---------+---------+-------+---------+---------+-------
      Total |     270 |      46 |  14.6 |      56 |      11 |  16.4
            +---------+---------+-------+---------+---------+-------
        D:1 |      36 |       0 |   0.0 |      21 |       0 |   0.0
        D:2 |      18 |      23 |  56.1 |      12 |       6 |  33.3
        D:3 |     177 |       0 |   0.0 |      17 |       0 |   0.0
        D:4 |      39 |      23 |  37.1 |       6 |       5 |  45.5
            +---------+---------+-------+---------+---------+-------
